 Dungeon Sprint DCSS version 0.21-a0-338-g36cf2fc (webtiles) character file.

273310 Kidiri the Unseen (level 12, 46/64 HPs)
             Began as a Spriggan Enchanter on Oct 3, 2017.
             Was the Champion of Dithmenos.
             Escaped with the Orb!
             The game lasted 00:16:30 (2761 turns).

Kidiri the Unseen (Spriggan Enchanter)              Turns: 2761, Time: 00:16:31

Health: 46/64      AC:  5    Str:  4    XL:     12   Next: 35%
Magic:  20/32      EV: 34    Int: 19    God:    Dithmenos [******]
Gold:   1178       SH:  7    Dex: 19    Spells: 18/41 levels left

rFire    . . .     SeeInvis +   f - +2 rapier (distort)
rCold    . . .     Gourm    .   a - +0 buckler
rNeg     . . .     Faith    .   b - +0 robe
rPois    +         Spirit   .   (helmet restricted)
rElec    .         Reflect  .   e - +2 cloak of the Thief {+Fog Slay-2 SInv Stlth+}
rCorr    +         Harm     .   (gloves unavailable)
MR       ++...     NoTele   +   (boots unavailable)
Stlth    ++++++....             (no amulet)
HPRegen  0.20/turn              l - ring of resist corrosion
MPRegen  0.23/turn              n - ring of poison resistance

@: very slightly contaminated, wreathed by umbra, very quick
A: unfitting armour, see invisible, herbivore 3, speed 3, slow metabolism 2
0: Orb of Zot
a: Shadow Step, Shadow Form, Renounce Religion, Evoke Fog


You escaped.
You worshipped Dithmenos.
Dithmenos was exalted by your worship.
You were not hungry.

You visited 1 branch You collected 3185 gold pieces.
You spent 2007 gold pieces at shops.

Inventory:

Hand Weapons
 f - a +2 rapier of distortion (weapon)
Armour
 a - a +0 buckler (worn)
 b - a +0 robe (worn)
 e - the +2 cloak of the Thief (worn) {+Fog Slay-2 SInv Stlth+}
   (You bought it in a shop in the Dungeon)

   It affects your accuracy and damage with ranged weapons and melee attacks
   (-2).
   It lets you see invisible.
   It makes you more stealthy.
Jewellery
 l - a ring of resist corrosion (left hand)
 n - a ring of poison resistance (right hand)
Scrolls
 k - 2 scrolls of remove curse {unknown}
 m - a scroll of amnesia {unknown}
 q - a scroll of identify {unknown}
 r - a scroll of enchant weapon {unknown}
 s - a scroll of recharging {unknown}
Potions
 g - a potion of haste
 h - 2 potions of magic
 i - 2 potions of berserk rage
 o - 2 potions of curing
Books
 c - a book of Maledictions

   Spells                             Type                      Level
   a - Corona                         Hexes                        1
   b - Ensorcelled Hibernation        Hexes/Ice                    2
   c - Confuse                        Hexes                        3
   d - Tukima's Dance                 Hexes                        3
   e - Dazzling Spray                 Conjuration/Hexes            3
 p - the Volume of the Glacier and Ignition
   (You bought it in a shop in the Dungeon)

   Spells                             Type                      Level
   a - Freeze                         Ice                          1
   b - Throw Frost                    Conjuration/Ice              2
   c - Ozocubu's Armour               Charms/Ice                   3
   d - Ignite Poison                  Fire/Transmutation/Poison    3
   e - Bolt of Magma                  Conjuration/Fire/Earth       5
   f - Bolt of Cold                   Conjuration/Ice              6
Comestibles
 d - 3 bread rations
 t - a royal jelly


   Skills:
 + Level 7.7 Fighting
 * Level 13.9 Short Blades
 + Level 7.2 Armour
 * Level 17.5 Dodging
 * Level 19.1 Stealth
 + Level 4.0 Shields
 * Level 15.1 Spellcasting
 + Level 2.6 Conjurations
 + Level 11.3 Hexes
 + Level 5.3 Charms
 + Level 7.5 Ice Magic


You had 18 spell levels left.
You knew the following spells:

 Your Spells              Type           Power        Failure   Level  Hunger
a - Corona                Hex            ######.      1%          1    None
b - Ensorcelled Hibernat  Hex/Ice        ######       1%          2    None
c - Confuse               Hex            ######..     1%          3    None
d - Tukima's Dance        Hex            ######..     1%          3    None
e - Dazzling Spray        Conj/Hex       #####.       1%          3    None
f - Throw Frost           Conj/Ice       ####..       1%          2    None
g - Ozocubu's Armour      Chrm/Ice       #####...     1%          3    None
h - Bolt of Cold          Conj/Ice       ####......   69%         6    #####..


Dungeon Overview and Level Annotations

Branches:
Dungeon (1/1)

Altars:
Cheibriados
Dithmenos
Elyvilon
Fedhas
Gozag
Hepliaklqana
Kikubaaqudgha
Makhleb
Nemelex Xobeh
Okawaru
Qazlal
Ru
Sif Muna
Trog
Uskayaw
Vehumet
Wu Jian
Xom
Yredelemnul
Zin
The Shining One
Jiyva
Lugonu

Shops:
D [*:*!*:[:(!:(?*[[

Annotations:
D Tiamat


Innate Abilities, Weirdness & Mutations

You are very small and have problems with some larger weapons.
You are too small for most types of armour.
You have supernaturally acute eyesight. (SInv)
You are a herbivore.
You cover ground extremely quickly.
You need consume almost no food.


Message History

Aim: a hell beast (lightly wounded, umbra)
The spray of energy misses the hell beast.
The hell beast closely misses you. You block the hell beast's attack. x2
The hell beast tramples you.
You stumble backwards!
Casting: Dazzling Spray
Confirm with . or Enter, or press ? or * to list all spells.
Aiming: Dazzling Spray
Press: ? - help, Shift-Dir - straight line, f/p - hell beast
Aim: a hell beast (lightly wounded, umbra)
The spray of energy hits the hell beast.
The hell beast is moderately wounded.
The hell beast barely misses you. You block the hell beast's attack.
You block the hell beast's attack. The hell beast tramples you!
You hold your ground!
You block the hell beast's attack. x2
There is an open door here.
There is an open door here.
There is a staircase leading out of the dungeon here.
The hell beast completely misses you. x2
You have escaped!

##################
#@2#..'..#..'..#__
#..'..#..').#..+..
#..#####+#####+#__
#.)####..#...#.###
#.)#__####..##.#≈§
#..#_____##+#_.+≈§
#⌠⌠#_.∩...+.(._#≈≈
####_..__##_(#+##+
#_____###+#.#..


You could see a hell beast.

Vanquished Creatures
  4 fire giants (D)
  A lorocyproca (D)
  A hydra (D)
  2 centaur warriors (D)
  Sonja (D)
  7 unseen horrors (D)
  A deep troll (D)
  A lindwurm (D)
  An oklob plant (D)
  A gargoyle (D)
  2 kobold demonologists (D)
  4 demonic crawlers (D)
  A hornet (D)
  A slime creature (D)
  Sigmund (D)
  2 redbacks (D)
  A yak (D)
  13 hogs (D)
  3 floating eyes (D)
  7 necrophages (D)
  An ogre (D)
  8 jellies (D)
  Ijyb (D)
  2 ballistomycetes (D)
  A ballistomycete spore (D)
68 creatures vanquished.

Vanquished Creatures (others)
  An Orb Guardian (D)
  A gargoyle (D)
  A ballistomycete spore (D)
3 creatures vanquished.

Grand Total: 71 creatures vanquished

Notes
Turn   | Place    | Note
-------+----------+-------------------------------------------
     0 | D        | Kidiri the Spriggan Enchanter began the quest for the Orb.
     0 | D        | Reached XP level 1. HP: 9/9 MP: 5/5
     2 | D        | Noticed Ijyb
    24 | D        | Killed Ijyb
    24 | D        | Reached skill level 1 in Fighting
    24 | D        | Reached skill level 1 in Armour
    24 | D        | Reached skill level 5 in Stealth
    24 | D        | Reached XP level 2. HP: 11/14 MP: 4/7
    84 | D        | Learned a level 2 spell: Ensorcelled Hibernation
    86 | D        | Noticed an ogre
   137 | D        | Killed an ogre
   137 | D        | Reached skill level 7 in Stealth
   137 | D        | Reached skill level 5 in Spellcasting
   137 | D        | Reached skill level 1 in Ice Magic
   137 | D        | Reached XP level 3. HP: 18/18 MP: 0/10
   137 | D        | Reached XP level 4. HP: 23/23 MP: 0/12
   237 | D        | Learned a level 3 spell: Confuse
   241 | D        | Learned a level 3 spell: Tukima's Dance
   245 | D        | Learned a level 3 spell: Dazzling Spray
   247 | D        | Noticed Sigmund
   257 | D        | Killed Sigmund
   257 | D        | Reached skill level 5 in Short Blades
   257 | D        | Reached skill level 9 in Stealth
   257 | D        | Reached skill level 5 in Hexes
   257 | D        | Reached XP level 5. HP: 15/27 MP: 3/15
   257 | D        | Reached XP level 6. HP: 17/32 MP: 3/16
   403 | D        | Found an ornate altar of the Wu Jian Council.
   403 | D        | Found a deep blue altar of Sif Muna.
   405 | D        | Found a radiant altar of Vehumet.
   446 | D        | Found Laes's General Store.
   446 | D        | Found an ancient bone altar of Kikubaaqudgha.
   446 | D        | Found a hazy altar of Hepliaklqana.
   446 | D        | Found a stormy altar of Qazlal.
   446 | D        | Found a hide-covered altar of Uskayaw.
   446 | D        | Found a blossoming altar of Fedhas.
   446 | D        | Found a bloodstained altar of Trog.
   446 | D        | Found an iron altar of Okawaru.
   446 | D        | Found a basalt altar of Yredelemnul.
   446 | D        | Found a glowing golden altar of the Shining One.
   446 | D        | Found a snail-covered altar of Cheibriados.
   446 | D        | Found a sacrificial altar of Ru.
   446 | D        | Found a glowing silver altar of Zin.
   446 | D        | Found a shadowy altar of Dithmenos.
   446 | D        | Found a white marble altar of Elyvilon.
   446 | D        | Noticed a yak
   451 | D        | Killed a yak
   451 | D        | Reached skill level 10 in Stealth
   454 | D        | Found an opulent altar of Gozag.
   455 | D        | Found a sparkling altar of Nemelex Xobeh.
   463 | D        | Became a worshipper of Dithmenos the Shadowed
   479 | D        | Noticed Sonja
   486 | D        | Killed Sonja
   486 | D        | Reached skill level 10 in Dodging
   486 | D        | Reached skill level 11 in Stealth
   486 | D        | Reached XP level 7. HP: 34/37 MP: 13/20
   486 | D        | Reached XP level 8. HP: 38/42 MP: 14/22
   624 | D        | Found Zeagiy's Armour Boutique.
   632 | D        | Bought the +2 cloak of the Thief {+Fog Slay-2 SInv Stlth+} for 201 gold pieces
   632 | D        | Found the +2 cloak of the Thief {+Fog Slay-2 SInv Stlth+}
   650 | D        | Noticed a deep troll
   654 | D        | Killed a deep troll
   654 | D        | Reached skill level 12 in Stealth
   664 | D        | Found Zikucsig's Armour Emporium.
   699 | D        | Noticed a centaur warrior
   699 | D        | Noticed a centaur warrior
   706 | D        | Killed a centaur warrior
   706 | D        | Reached * piety under Dithmenos
   706 | D        | Reached skill level 13 in Stealth
   706 | D        | Reached skill level 10 in Spellcasting
   706 | D        | Reached XP level 9. HP: 24/46 MP: 14/24
   708 | D        | Killed a centaur warrior
   708 | D        | Reached skill level 5 in Fighting
   708 | D        | Reached skill level 14 in Stealth
   708 | D        | Reached skill level 5 in Ice Magic
   857 | D        | Reached skill level 10 in Short Blades
   857 | D        | Reached skill level 5 in Armour
   869 | D        | Noticed an oklob plant
   884 | D        | Killed an oklob plant
   884 | D        | Reached ** piety under Dithmenos
   885 | D        | Killed a gargoyle
   928 | D        | Noticed an unseen horror
   929 | D        | Noticed an unseen horror
   954 | D        | Killed an unseen horror
   954 | D        | Reached skill level 15 in Stealth
   954 | D        | Reached XP level 10. HP: 40/53 MP: 12/26
   956 | D        | Killed an unseen horror
   956 | D        | Reached *** piety under Dithmenos
  1060 | D        | Found the +8 demon blade "Leech" {vamp, rN+ AC-3 EV-3}
  1069 | D        | Reached **** piety under Dithmenos
  1126 | D        | Reached ***** piety under Dithmenos
  1170 | D        | Found Synefod's Assorted Antiques.
  1170 | D        | Found Ofek Kup's Book Shop.
  1170 | D        | Found Ysiuk's Distillery.
  1172 | D        | Found Wuwyhal's General Store.
  1172 | D        | Found Utzoz's Book Shop.
  1172 | D        | Found Qourph's Armour Shoppe.
  1172 | D        | Found Ozoafia's Book Boutique.
  1172 | D        | Found Dusoh's Weapon Emporium.
  1172 | D        | Found Xenkeame's Distillery.
  1172 | D        | Found Igeujid's Book Shoppe.
  1176 | D        | Found Dipuoh's Antique Weapon Boutique.
  1177 | D        | Found Jukog's Assorted Antiques.
  1177 | D        | Found Tasch's Magic Scroll Boutique.
  1178 | D        | Found Vanod's Antique Armour Emporium.
  1293 | D        | Found a burning altar of Makhleb.
  1293 | D        | Found a viscous altar of Jiyva.
  1293 | D        | Found a shimmering altar of Xom.
  1293 | D        | Found a corrupted altar of Lugonu.
  1366 | D        | Bought a scroll of acquirement for 676 gold pieces
  1392 | D        | Bought a buckler for 139 gold pieces
  1549 | D        | Noticed a soul eater
  1550 | D        | Reached skill level 16 in Stealth
  1624 | D        | Reached ****** piety under Dithmenos
  1624 | D        | Reached skill level 1 in Shields
  1674 | D        | Noticed a lindwurm
  1677 | D        | Killed a lindwurm
  1677 | D        | Reached skill level 15 in Dodging
  1677 | D        | Reached skill level 10 in Hexes
  1677 | D        | Reached XP level 11. HP: 58/58 MP: 29/29
  1703 | D        | Reached skill level 17 in Stealth
  1800 | D        | Noticed a 12-headed hydra
  1802 | D        | Killed a 12-headed hydra
  1879 | D        | Noticed a lorocyproca
  1881 | D        | Killed a lorocyproca
  2176 | D        | Bought the Volume of the Glacier and Ignition for 886 gold pieces
  2176 | D        | Bought a scroll of blinking for 105 gold pieces
  2179 | D        | Learned a level 2 spell: Throw Frost
  2183 | D        | Learned a level 3 spell: Ozocubu's Armour
  2190 | D        | Learned a level 6 spell: Bolt of Cold
  2235 | D        | Noticed a daeva
  2238 | D        | Noticed an unseen horror
  2238 | D        | Noticed an unseen horror
  2238 | D        | Noticed an unseen horror
  2239 | D        | Noticed an unseen horror
  2241 | D        | Killed an unseen horror
  2241 | D        | Reached skill level 1 in Charms
  2242 | D        | Noticed an unseen horror
  2243 | D        | Killed an unseen horror
  2244 | D        | Killed an unseen horror
  2244 | D        | Reached skill level 18 in Stealth
  2244 | D        | Reached skill level 1 in Conjurations
  2246 | D        | Killed an unseen horror
  2248 | D        | Killed an unseen horror
  2267 | D        | Identified the Guide on the Scorching Entourage
  2620 | D        | Noticed a fire giant
  2621 | D        | Noticed a fire giant
  2621 | D        | Noticed a fire giant
  2621 | D        | Noticed a fire giant
  2622 | D        | Killed a fire giant
  2622 | D        | Reached XP level 12. HP: 63/63 MP: 26/31
  2625 | D        | Killed a fire giant
  2626 | D        | Killed a fire giant
  2626 | D        | Reached skill level 15 in Spellcasting
  2628 | D        | Killed a fire giant
  2628 | D        | Reached skill level 19 in Stealth
  2628 | D        | Reached skill level 5 in Charms
  2669 | D        | Noticed Tiamat
  2680 | D        | Got the Orb of Zot
  2713 | D        | Killed an Orb Guardian
  2745 | D        | Noticed a hell beast
  2761 | D        | Escaped with the Orb!

Vault maps used:
D:        dungeon_sprint_1

Skill      XL: |  1  2  3  4  5  6  7  8  9 10 11 12 |
---------------+-------------------------------------+-----
Fighting       | 1 2 3 4 5 6 7 |  7.7
Short Blades   | 2 4 5 8 9 10 11 13 | 13.9
Armour         | 1 2 3 4 5 6 7 |  7.2
Dodging        | 4 6 7 10 12 13 15 16 17 | 17.5
Stealth        | 5 7 9 11 13 15 16 18 19 | 19.1
Spellcasting   | 3 5 6 9 10 11 13 14 15 | 15.1
Hexes          | 4 5 7 8 9 10 11 | 11.3
Ice Magic      | 1 2 3 4 5 6 7 |  7.5
Shields        | 1 3 4 |  4.0
Charms         | 3 5 |  5.3
Conjurations   | 1 2 |  2.6

Action                   |  1- 3 |  4- 6 |  7- 9 | 10-12 || total
-------------------------+-------+-------+-------+-------++-------
Melee: Dagger            |    16 |     4 |    25 |    27 ||    72
       Rapier            |       |       |       |    47 ||    47
 Cast: Corona            |     2 |       |       |     1 ||     3
       Ensorcelled Hiber |     4 |     6 |     7 |    13 ||    30
       Confuse           |       |       |     3 |       ||     3
       Dazzling Spray    |       |       |     1 |    18 ||    19
Invok: Shadow Step       |       |       |       |     4 ||     4
 Abil: Evoke Fog         |       |       |       |     6 ||     6
  Use: Potion            |       |     2 |     1 |     1 ||     4
       Scroll            |       |       |       |     3 ||     3
 Stab: Sleeping          |     2 |     4 |     6 |    41 ||    53
       Confused          |       |       |     3 |       ||     3
       Invisible         |       |       |       |     3 ||     3
  Eat: Royal jelly       |       |       |       |     1 ||     1
Armor: Robe              |       |       |     5 |       ||     5
Dodge: Dodged            |    14 |     4 |    24 |    68 ||   110
Block: Buckler           |       |       |       |    22 ||    22

Table legend:
 A = Spawn XP
 B = Non-spawn XP
 C = Spawn XP percentage of total XP
 D = Spawn monster count
 E = Non-spawn monster count
 F = Spawn count percentage of total count
 G = Total turns spent on level
                    A         B        C        D         E        F      G
               +---------+---------+-------+---------+---------+-------+---------
         Total |       0 |   27587 |   0.0 |       0 |      65 |   0.0 |  2761
               +---------+---------+-------+---------+---------+-------+---------
             D |       0 |   27587 |   0.0 |       0 |      65 |   0.0 |  2761
               +---------+---------+-------+---------+---------+-------+---------
